 Dungeon Crawl Stone Soup version 0.18-a0-1747-g18c4181 (webtiles) character file.

86 Chiseanne the Covered (level 4, -3/35 HPs)
             Began as a Demonspawn Wanderer on Apr 12, 2016.
             Slain by a gnoll (4 damage)
             ... on level 2 of the Dungeon.
             The game lasted 00:04:10 (1437 turns).

Chiseanne the Covered (Demonspawn Wanderer)         Turns: 1437, Time: 00:04:11

Health: -3/35      AC: 10    Str: 13    XL:     4   Next: 26%
Magic:  4/4        EV:  3    Int: 11    God:
Gold:   45         SH:  8    Dex: 15    Spells: 0 memorised, 3 levels left

rFire  . . .     SeeInvis .     a - +0 mace
rCold  . . .     Gourm    .     e - +0 chain mail (curse)
rNeg   . . .     Faith    .     c - +0 shield
rPois  .         Spirit   .     (helmet restricted)
rElec  .         Dismiss  .     (no cloak)
rCorr  .         Reflect  .     (no gloves)
SustAt .         Harm     .     k - +0 pair of boots
MR     .....                    (no amulet)
Stlth  ..........               (no ring)
                                (no ring)

@: not resistant to hostile enchantments, extremely unstealthy
A: antennae 1, spiny 1
a: no special abilities


You were on level 2 of the Dungeon.
You were not hungry.

You visited 1 branch of the dungeon, and saw 2 of its levels.

You collected 45 gold pieces.

Inventory:

Hand Weapons
 a - a +0 mace (weapon)
 w - a +3 hand crossbow
Missiles
 b - 28 bolts
 d - 10 arrows of flame
Armour
 c - a +0 shield (worn)
 e - a cursed +0 chain mail (worn)
 k - a +0 pair of boots (worn)
Scrolls
 g - a scroll of enchant armour
 i - a scroll of fear
Potions
 j - a potion of heal wounds
Comestibles
 f - 2 bread rations
 l - a beef jerky


   Skills:
 * Level 3.0 Fighting
   Level 1.0 Axes
 + Level 1.8 Crossbows
 * Level 3.9 Armour
 - Level 1.3 Dodging
 * Level 1.5 Shields
   Level 1.0 Evocations


You had 3 spell levels left.
You didn't know any spells.

Dungeon Overview and Level Annotations

Branches:
Dungeon (2/15)

Altars:


Innate Abilities, Weirdness & Mutations

You have a pair of small antennae on your head.
You are partially covered in sharp spines.


Message History

Your shield and chain mail prevent you from hitting the gnoll.
You block the gnoll's attack.
Your shield and chain mail prevent you from hitting the gnoll.
The gnoll hits you but does no damage. The gnoll hits you.
* * * LOW HITPOINT WARNING * * *
Your shield and chain mail prevent you from hitting the gnoll.
The gnoll is struck by your spines. The gnoll barely misses you.
You hit the gnoll.
The gnoll is heavily wounded.
The gnoll is struck by your spines. The gnoll hits you.
* * * LOW HITPOINT WARNING * * *
The gnoll hits you but does no damage.
You hit the gnoll but do no damage.
The gnoll is severely wounded.
The gnoll hits you.
* * * LOW HITPOINT WARNING * * *
Your shield and chain mail prevent you from hitting the gnoll.
The gnoll is severely wounded.
The gnoll hits you but does no damage. The gnoll hits you.
You die...

#.....[.#
######### . ...
########.....
#....@g'.....
#.######.....
#.#######.########
#......... #....#
#......... #....#
#.........
#....#####
#.#######.
#........# #.#
#.###......... #.#
#.............


You could see a gnoll.

Vanquished Creatures
  3 gnolls (D:2)
  An adder (D:2)
  A worm (D:2)
  2 dart slugs
  3 giant geckos
  A ball python (D:2)
  2 giant cockroaches
  A goblin (D:1)
  6 hobgoblins
  5 jackals (D:1)
  A bat (D:2)
  8 kobolds
  2 rats (D:1)
36 creatures vanquished.

Notes
Turn   | Place    | Note
--------------------------------------------------------------
     0 | D:1      | Chiseanne the Demonspawn Wanderer began the quest for the Orb.
     0 | D:1      | Chiseanne set off with: a +2 hand crossbow, 28 bolts, a +0 mace, a +0 ring mail, a bread ration
     0 | D:1      | Reached XP level 1. HP: 16/16 MP: 1/1
   202 | D:1      | Gained mutation: You are partially covered in sharp spines. [demonic ancestry]
   202 | D:1      | Reached XP level 2. HP: 22/22 MP: 2/2
   416 | D:1      | Reached skill level 1 in Dodging
   809 | D:2      | Gained mutation: You have a pair of small antennae on your head. [demonic ancestry]
   809 | D:2      | Reached XP level 3. HP: 28/28 MP: 3/3
  1426 | D:2      | Reached XP level 4. HP: 23/34 MP: 4/4
  1436 | D:2      | HP: 1/35 [gnoll (3)]
  1437 | D:2      | Slain by a gnoll

Vault maps used:
D:1:      zaba_arrival_water, lemuel_another_geyser

Skill      XL: |  1  2  3  4 |
---------------+-------------+-----
Dodging        | 1 |  1.3
Fighting       | 3 |  3.0
Axes           | |  1.0
Crossbows      | |  1.8
Armour         | |  3.9
Shields        | |  1.5
Evocations     | |  1.0

Action                   |  1- 3 |  4- 6 || total
-------------------------+-------+-------++-------
Melee: Mace              |    56 |    10 ||    66
  Use: Scroll            |     7 |       ||     7
  Eat: Chunk             |     2 |       ||     2
Armor: Ring mail         |    16 |       ||    16
       Chain mail        |     5 |     4 ||     9
Dodge: Dodged            |    26 |     2 ||    28
Block: Shield            |     6 |     1 ||     7
